AoeStats
← Iguano Pop

Arabia

507229455Analyzed
1v1 RM · 15d ago on Sep 17, 2026· 63m 19s· 2 players
Game mode
Random Map
Map size
Tiny (2 player)
Population
200
Speed
Normal
Resources
Standard
Victory
Conquest
Starting age
Dark Age
Ending age
Imperial Age
RankedLock teamsTeams togetherTeam positionsShared explorationLock speedFull tech treeHidden civsTurbo modeCheats
Victory
Defeat
🇲🇽 Teutons · Mexico
1316
+15
🇧🇪 Vietnamese · Belgium
1288
-15
Jozz
6:21 Loom
9:21 Feudal Age
10:26 Double-Bit Axe
11:09 Town Watch
13:20 Fletching
13:26 Horse Collar
21:40 Castle Age
21:56 Gold Mining
22:13 Padded Archer Armor
21:49 Crossbowman
22:28 Bodkin Arrow
24:33 Bow Saw
26:47 Heavy Plow
27:35 Scale Mail Armor
27:46 Forging
30:23 Chain Mail Armor
31:50 Wheelbarrow
31:41 Squires
32:46 Ballistics
32:48 Arson
36:43 Imperial Age
35:17 Iron Casting
36:54 Elite Fire Lancer
38:45 Chemistry
37:26 Elite Skirmisher
38:42 Plate Mail Armor
39:14 Leather Archer Armor
40:00 Hand Cart
39:14 Imperial Skirmisher
40:36 Bracer
48:50 Sappers
50:07 Paper Money
Iguano Pop
7:15 Loom
9:44 Feudal Age
10:13 Town Watch
10:14 Double-Bit Axe
10:11 Horse Collar
11:54 Padded Archer Armor
16:41 Fletching
22:49 Castle Age
21:38 Bloodlines
21:49 Gold Mining
22:45 Scale Barding Armor
23:55 Chain Barding Armor
25:43 Heavy Plow
27:19 Sanctity
27:58 Wheelbarrow
27:44 Elite Skirmisher
29:31 Forging
31:09 Stone Mining
31:39 Hand Cart
31:28 Bodkin Arrow
33:33 Ballistics
34:23 Iron Casting
40:31 Imperial Age
42:37 Chemistry
42:14 Plate Barding Armor
41:02 Cavalier
42:13 Crenellations
43:03 Paladin
46:15 Conscription
49:32 Blast Furnace
49:42 Leather Archer Armor
52:40 Masonry
55:17 Guilds
56:14 Hoardings
58:08 Ring Archer Armor
59:18 Crop Rotation
59:26 Stone Shaft Mining
59:02 Bow Saw
Connection lost

Rejoining the realm…

Still unreachable

The connection could not be restored.

Session expired

The server has moved on; the page needs a fresh start.